 Dungeon Sprint DCSS version 0.22-a0-76-gd698a02 (webtiles) character file.

410121 Kidiri the Conqueror (level 22, -5/318 HPs)
             Began as a Demonspawn Fighter on Jan 14, 2018.
             Was the Champion of Okawaru.
             Splashed by an acid blob's acid (12 damage)
             ... created by the Royal Jelly
             ... in the Dungeon (Sprint VII: "The Pits").
             The game lasted 01:32:22 (14320 turns).

Kidiri the Conqueror (Demonspawn Fighter)          Turns: 14320, Time: 01:32:22

Health: -5/318     AC: 27    Str: 47    XL:     22   Next: 13%
Magic:  31/45      EV:  2    Int:  7    God:    Okawaru [******]
Gold:   208        SH: 33    Dex: 17    Spells: 59/59 levels left

rFire    + . .     SeeInvis .   F - +6 scimitar "Cukha Coic" {slice, Str+5 Dex+3}
rCold    . . .     Gourm    .   k - +2 large shield of Polish {+Blink rPois Regen+}
rNeg     + + +     Faith    .   (armour currently unavailable)
rPois    +         Spirit   .   (helmet currently unavailable)
rElec    .         Reflect  .   (cloak currently unavailable)
rCorr    .         Harm     .   (gloves currently unavailable)
MR       +....     NoTele   +   (boots currently unavailable)
Stlth    ++++++++++             D - amulet "Hefos" {Regen+ Str+3}
HPRegen  1.43/turn              O - ring "Quloupao" {rPois AC+4 Str+9 Int-4 Stlth+}
MPRegen  0.29/turn              z - ring "Ixok" {rF+ EV+3 Str+6 Stlth-}

@: tree-form, heroism, finesse, corroded
A: nightstalker 3, screaming 2
}: 3/15 runes: silver, golden, iron
a: Heroism, Finesse, Renounce Religion, Evoke Blink


You were in the Dungeon.
You worshipped Okawaru.
Okawaru was exalted by your worship.
You were not hungry.
You were a tree.
You visited 1 branch You collected 208 gold pieces.

Inventory:

Hand Weapons
 a - a +1 long sword of flaming
 F - the +6 scimitar "Cukha Coic" (weapon) {slice, Str+5 Dex+3}
   (Okawaru gifted it to you in the Dungeon)

   It inflicts extra damage upon your enemies.
   It affects your strength (+5).
   It affects your dexterity (+3).
 K - a +9 demon blade of draining
Missiles
 c - 12 javelins of returning (quivered)
 x - 5 silver javelins
 I - 6 poisoned javelins
 R - a throwing net
Armour
 b - +7 gold dragon scales (melded)
 k - the +2 large shield of Polish (worn) {+Blink rPois Regen+}
   (Okawaru gifted it to you in the Dungeon)

   It protects you from poison.
   It lets you blink.
   It increases your rate of regeneration.
 q - a scarf of resistance (melded)
 s - a +2 pair of gloves of strength (melded)
 L - a +2 pair of boots of stealth (melded)
Jewellery
 w - the ring of Losobb {SInv Stlth-}
   (You found it in the Dungeon)

   [ring of loudness]

   It lets you see invisible.
   It makes you less stealthy.
 z - the ring "Ixok" (right branch) {rF+ EV+3 Str+6 Stlth-}
   (You took it off a vampire mage in the Dungeon)

   [ring of evasion]

   It affects your evasion (+3).
   It affects your strength (+6).
   It protects you from fire.
   It makes you less stealthy.
 D - the amulet "Hefos" (around neck) {Regen+ Str+3}
   (You found it in the Dungeon)

   [amulet of regeneration]

   It affects your strength (+3).
   It increases your rate of regeneration.
 O - the ring "Quloupao" (left branch) {rPois AC+4 Str+9 Int-4 Stlth+}
   (You took it off a vault guard in the Dungeon)

   [ring of protection]

   It affects your AC (+4).
   It affects your strength (+9).
   It affects your intelligence (-4).
   It protects you from poison.
   It makes you more stealthy.
Wands
 g - a wand of iceblast (8)
 y - a wand of enslavement (17)
 E - a wand of paralysis (27)
Scrolls
 n - 6 scrolls of remove curse
 o - 8 scrolls of amnesia
 p - a scroll of summoning
 A - 6 scrolls of identify
 M - a scroll of immolation
 P - 2 scrolls of fog
 Q - 2 scrolls of fear
Potions
 d - a potion of might
 e - 18 potions of curing
 h - 10 potions of haste
 i - 4 potions of magic
 j - 5 potions of berserk rage
 l - a potion of ambrosia
 m - 3 potions of invisibility
 t - 3 potions of agility
 u - a potion of resistance
 C - 4 potions of brilliance
 G - a potion of cancellation {unknown}
Miscellaneous
 r - the horn of Geryon
Comestibles
 f - 12 rations


   Skills:
 O Level 27 Fighting
 O Level 27 Long Blades
 O Level 27 Throwing
 O Level 27 Armour
 O Level 27 Dodging
 + Level 17.5(22.5) Stealth
 O Level 27 Shields
 * Level 19.2 Spellcasting
 + Level 26.5 Invocations
 O Level 27 Evocations


You had 59 spell levels left.
You didn't know any spells.

Dungeon Overview and Level Annotations

Branches:
Dungeon (1/1)

Altars:
Ashenzari
Cheibriados
Dithmenos
Elyvilon
Fedhas
Gozag
Hepliaklqana
Kikubaaqudgha
Makhleb
Nemelex Xobeh
Okawaru
Qazlal
Ru
Sif Muna
Trog
Uskayaw
Vehumet
Wu Jian
Xom
Yredelemnul
Zin
The Shining One
Beogh
Jiyva
Lugonu

Annotations:
D Lernaean hydra


Innate Abilities, Weirdness & Mutations

((You have a pair of horns on your head.))
((You are completely covered in thin metallic scales. (AC +4, rElec)))
You are completely attuned to the shadows.
((You are completely covered in sharp spines.))
((You have hoof-like feet.))
You sometimes yell uncontrollably at your foes.


Message History

The acid blob spits acid at you. You block the splash of acid.
The acid blob spits acid at you. The splash of acid hits you!
* * * LOW HITPOINT WARNING * * *
You are splashed with acid!
The acid burns!
* * * LOW HITPOINT WARNING * * *
Viez gestures.
You feel better.
The acid blob hits you but does no damage.
The acid blob hits you!
* * * LOW HITPOINT WARNING * * *
You are splashed with acid!
The acid burns!
* * * LOW HITPOINT WARNING * * *
You block Viez's attack. The acid blob spits acid at you.
The splash of acid hits you!
* * * LOW HITPOINT WARNING * * *
You are splashed with acid!
The acid burns!
You die...

... ###....#............ ..
##...#............
##..#............ .#
#............... .#
#............... .#
#............... .## ........
##..#............ ..## .......
##...#............
...###.......###♣)..#............
...&R###.J.###.&JJ.###...........
#§...J....D....2J.## ##....))....
##.1R...JJ...J...## ##..).)...#
################# ####''####
################# #######''####
................# ###...........#
.........)......###..............
.)...##..)...#####...............


You could see Viez, 2 acid blobs, an azure jelly (fleeing), a death ooze and a
tormentor.

Vanquished Creatures
  Cerebov (D)
  Asmodeus (D)
  the Royal Jelly (D)
  Mnoleg (D)
  Mennas (D)
  Mara (D)
  3 orbs of fire (D)
  4 ancient liches (D)
  5 greater mummies (D)
  Margery (D)
  Boris (D)
  A curse toe (D)
  A Killer Klown (D)
  Geryon (D)
  4 pandemonium lords (D)
  2 golden dragons (D)
  Jory (D)
  2 bone dragons (D)
  3 pearl dragons (D)
  4 Tzitzimimeh (D)
  3 electric golems (D)
  2 liches (D)
  2 Brimstone Fiends (D)
  4 Ice Fiends (D)
  13 Orb Guardians (D)
  2 Hell Sentinels (D)
  4 quicksilver dragons (D)
  6 titans (D)
  2 deep elf master archers (D)
  Murray (D)
  An Executioner (D)
  2 sphinxes (D)
  10 acid blobs (D)
  4 shadow dragons (D)
  4 storm dragons (D)
  A draconian monk (D)
  2 nagarajas (D)
  22 daevas (D)
  4 azure jellies (D)
  A draconian knight (D)
  A deep elf sorcerer (D)
  A ghost moth (D)
  A frost giant (shapeshifter) (D)
  2 frost giants (D)
  Louise (D)
  2 balrugs (D)
  An iron dragon (D)
  An emperor scorpion (D)
  17 orc warlords (D)
  A draconian stormcaller (D)
  30 angels (D)
  5 cacodemons (D)
  A reaper (D)
  A stone giant (D)
  3 spriggan defenders (D)
  2 war gargoyles (D)
  2 vampire knights (D)
  2 black draconians (D)
  2 green draconians (D)
  An apis (D)
  A lorocyproca (D)
  A yellow draconian (D)
  A purple draconian (D)
  A dire elephant (D)
  4 deep elf annihilators (D)
  2 red draconians (D)
  2 deep elf death magi (D)
  3 blizzard demons (D)
  An ettin (D)
  5 death oozes (D)
  Josephine (D)
  4 green deaths (D)
  3 deep elf high priests (D)
  2 fire dragons (D)
  3 yaktaur captains (D)
  2 hydras (D)
  3 ice dragons (D)
  2 rakshasas (D)
  A great orb of eyes (D)
  3 hell beasts (D)
  4 vault guards (D)
  A merfolk avatar (D)
  A spriggan air mage (D)
  2 naga warriors (D)
  2 ogre magi (D)
  An alligator snapping turtle (D)
  A dancing weapon (D)
  A death knight (D)
  A merfolk aquamancer (D)
  A death yak (D)
  8 orc high priests (D)
  2 vampire magi (D)
  A deep troll shaman (D)
  A deep elf knight (D)
  Sonja (D)
  2 soul eaters (D)
  4 sun demons (D)
  A sixfirhy (D)
  A salamander mystic (D)
  3 fire crabs (D)
  3 hell knights (D)
  2 iron trolls (D)
  5 deep trolls (D)
  28 cherubim (D)
  2 unseen horrors (D)
  A swamp dragon (D)
  A spriggan druid (D)
  A lindwurm (D)
  4 wizards (D)
  20 orc knights (D)
  A necromancer (D)
  An ugly thing (D)
  A deep elf mage (D)
  12 orc sorcerers (D)
  2 salamanders (D)
  3 elephants (D)
  3 naga magi (D)
  2 guardian serpents (D)
  3 eyes of devastation (D)
  A molten gargoyle (D)
  A rime drake (D)
  A tormentor (D)
  6 yaktaurs (D)
  3 red devils (D)
  A troll (D)
  A jumping spider (D)
  A merfolk (D)
  3 hornets (D)
  A wind drake (D)
  3 blink frogs (D)
  A bog body (D)
  2 hippogriffs (D)
  A snapping turtle (D)
  A large abomination (D)
  2 shadows (D)
  3 water elementals (D)
  5 wraiths (D)
  5 redbacks (D)
  3 spriggans (D)
  A vampire (D)
  A tarantella (D)
  2 chaos spawn (D)
  3 yaks (D)
  A fire bat (D)
  A neqoxec (D)
  Grum (D)
  A basilisk (D)
  A hungry ghost (D)
  6 nagas (D)
  A water moccasin (D)
  3 floating eyes (D)
  A porcupine (D)
  Purgy (D)
  14 orc warriors (D)
  2 sky beasts (D)
  2 eyes of draining (D)
  2 black bears (D)
  8 wolves (D)
  A crocodile (D)
  2 centaurs (D)
  5 killer bees (D)
  A small abomination (D)
  A crimson imp (D)
  2 orc wizards (D)
  A worker ant (D)
  A mummy (D)
  2 gnolls (D)
  An adder (D)
  A white imp (D)
  An ufetubus (D)
  2 adder zombies (D)
  2 adder skeletons (D)
  A leopard gecko (D)
  2 orcs (D)
  3 bat skeletons (D)
  2 bat zombies (D)
  3 hobgoblins (D)
  3 quokkas (D)
  2 bats (D)
  A bat simulacrum (D)
  2 frilled lizards (D)
  A giant cockroach simulacrum (D)
  A giant cockroach zombie (D)
  3 rats (D)
529 creatures vanquished.

Vanquished Creatures (others)
  Nikola (D)
  An eldritch tentacle (D)
  2 ettins (D)
  A green death (D)
  A blizzard demon (D)
  2 death oozes (D)
  A spriggan berserker (D)
  A yaktaur (D)
  A jumping spider (D)
  A tyrant leech (shapeshifter) (D)
  An air elemental (D)
  A redback (D)
  3 eyes of draining (D)
  An adder zombie (D)
18 creatures vanquished.

Grand Total: 547 creatures vanquished

Notes
Turn   | Place    | Note
-------+----------+-------------------------------------------
     0 | D        | Kidiri the Demonspawn Fighter began the quest for the Orb.
     0 | D        | Reached XP level 1. HP: 18/18 MP: 1/1
    18 | D        | Killed a tyrant leech
    78 | D        | Found a bloodstained altar of Trog.
    78 | D        | Found a deep blue altar of Sif Muna.
    78 | D        | Found a viscous altar of Jiyva.
    78 | D        | Found a hazy altar of Hepliaklqana.
    78 | D        | Found an opulent altar of Gozag.
    79 | D        | Found a glowing golden altar of the Shining One.
    79 | D        | Found a glowing silver altar of Zin.
    79 | D        | Found a basalt altar of Yredelemnul.
    79 | D        | Found a shimmering altar of Xom.
    79 | D        | Found an ornate altar of the Wu Jian Council.
    79 | D        | Found a sacrificial altar of Ru.
    79 | D        | Found a stormy altar of Qazlal.
    79 | D        | Found an iron altar of Okawaru.
    79 | D        | Found a sparkling altar of Nemelex Xobeh.
    79 | D        | Found a burning altar of Makhleb.
    79 | D        | Found a blossoming altar of Fedhas.
    79 | D        | Found a white marble altar of Elyvilon.
    79 | D        | Found a shadowy altar of Dithmenos.
    79 | D        | Found a snail-covered altar of Cheibriados.
    82 | D        | Found a corrupted altar of Lugonu.
    82 | D        | Found a radiant altar of Vehumet.
    82 | D        | Found a roughly hewn altar of Beogh.
    83 | D        | Found an ancient bone altar of Kikubaaqudgha.
    83 | D        | Found a hide-covered altar of Uskayaw.
    83 | D        | Found a shattered altar of Ashenzari.
    87 | D        | Became a worshipper of Warmaster Okawaru
   187 | D        | Gained mutation: You are partially covered in sharp spines. [demonic ancestry]
   187 | D        | Reached XP level 2. HP: 18/24 MP: 2/2
   276 | D        | Reached skill level 1 in Throwing
   278 | D        | Reached skill level 1 in Dodging
   432 | D        | Noticed a floating eye
   434 | D        | Paralysed by a floating eye for 2 turns
   437 | D        | Killed a floating eye
   437 | D        | Reached * piety under Okawaru
   437 | D        | Gained mutation: You are partially covered in thin metallic scales. (AC +2) [demonic ancestry]
   437 | D        | Reached XP level 3. HP: 32/32 MP: 2/5
   437 | D        | Reached XP level 4. HP: 38/38 MP: 2/6
   478 | D        | Noticed a black bear
   487 | D        | Reached skill level 5 in Fighting
   497 | D        | Killed a black bear
   497 | D        | Reached ** piety under Okawaru
   497 | D        | Reached skill level 5 in Armour
   497 | D        | Reached skill level 5 in Shields
   497 | D        | Gained mutation: You have a pair of small horns on your head. [demonic ancestry]
   497 | D        | Reached XP level 5. HP: 28/46 MP: 4/8
   620 | D        | Noticed a fire bat
   625 | D        | Killed a fire bat
   625 | D        | Reached skill level 5 in Long Blades
   625 | D        | Reached XP level 6. HP: 34/53 MP: 9/9
   741 | D        | Reached skill level 5 in Invocations
   759 | D        | Noticed an orc sorcerer
   770 | D        | Killed an orc sorcerer
   770 | D        | Reached *** piety under Okawaru
   770 | D        | Gained mutation: You are slightly more attuned to the shadows. [demonic ancestry]
   770 | D        | Reached XP level 7. HP: 39/61 MP: 8/11
   883 | D        | Noticed Purgy
   893 | D        | Killed Purgy
   898 | D        | Reached XP level 8. HP: 68/68 MP: 10/12
   987 | D        | Noticed a snapping turtle
   995 | D        | Received a gift from Okawaru
   998 | D        | Reached skill level 5 in Dodging
  1007 | D        | Killed a snapping turtle
  1007 | D        | Reached skill level 5 in Throwing
  1083 | D        | Got the +2 scimitar of Kuduaf {venom, Str+4}
  1369 | D        | Noticed a death yak
  1378 | D        | Killed a death yak
  1378 | D        | Reached **** piety under Okawaru
  1378 | D        | Gained mutation: You are mostly covered in thin metallic scales. (AC +3) [demonic ancestry]
  1378 | D        | Reached XP level 9. HP: 67/78 MP: 11/15
  1445 | D        | Noticed a fire crab
  1451 | D        | Killed a fire crab
  1451 | D        | Reached skill level 10 in Fighting
  1584 | D        | Noticed an eye of devastation
  1593 | D        | Killed an eye of devastation
  1841 | D        | Gained mutation: You are mostly covered in sharp spines. [demonic ancestry]
  1841 | D        | Reached XP level 10. HP: 56/86 MP: 14/16
  2061 | D        | Noticed a death knight
  2081 | D        | Killed a death knight
  2081 | D        | Reached ***** piety under Okawaru
  2081 | D        | Reached skill level 10 in Armour
  2081 | D        | Reached skill level 10 in Shields
  2287 | D        | Killed an unseen horror
  2287 | D        | Reached skill level 10 in Long Blades
  2288 | D        | Noticed Josephine
  2289 | D        | Noticed Grum
  2300 | D        | Killed Josephine
  2300 | D        | Reached skill level 10 in Invocations
  2307 | D        | Received a gift from Okawaru
  2329 | D        | Killed Grum
  2544 | D        | Reached XP level 11. HP: 95/95 MP: 12/18
  2546 | D        | Noticed a rakshasa
  2550 | D        | Noticed a deep troll
  2592 | D        | Received a gift from Okawaru
  2625 | D        | Killed a rakshasa
  2638 | D        | Killed a deep troll
  2638 | D        | Received a gift from Okawaru
  2931 | D        | Noticed a deep elf mage
  2938 | D        | Killed a deep elf mage
  3011 | D        | Noticed a great orb of eyes
  3026 | D        | Killed a great orb of eyes
  3026 | D        | Received a gift from Okawaru
  3087 | D        | Received a gift from Okawaru
  3177 | D        | Noticed a rakshasa
  3186 | D        | Killed a rakshasa
  3188 | D        | Noticed a lindwurm
  3199 | D        | Killed a lindwurm
  3356 | D        | Noticed a hell beast
  3356 | D        | Noticed a wizard
  3356 | D        | Noticed a vampire knight
  3357 | D        | Noticed a merfolk aquamancer
  3358 | D        | Paralysed by a wizard for 7 turns
  3381 | D        | Killed a vampire knight
  3381 | D        | Received a gift from Okawaru
  3381 | D        | Reached XP level 12. HP: 38/105 MP: 14/21
  3389 | D        | Killed a merfolk aquamancer
  3396 | D        | Killed a hell beast
  3511 | D        | Killed an ettin
  3696 | D        | Noticed a daeva
  3698 | D        | Noticed an emperor scorpion
  3718 | D        | Killed a daeva
  3718 | D        | Reached ****** piety under Okawaru
  3718 | D        | Received a gift from Okawaru
  3747 | D        | Noticed an apis
  3760 | D        | Killed an apis
  3763 | D        | Noticed a four-headed hydra
  3783 | D        | Killed an emperor scorpion
  3793 | D        | Killed a one-headed hydra
  3801 | D        | Got a faintly glowing large shield {god gift}
  3809 | D        | Noticed Sonja
  3816 | D        | Identified the +2 large shield of Polish {+Blink rPois Regen+} (Okawaru gifted it to you in the Dungeon)
  3828 | D        | Killed Sonja
  3828 | D        | Reached skill level 10 in Dodging
  3854 | D        | Got the ring of Beyl {MP+9 Str+7}
  3879 | D        | Received a gift from Okawaru
  3879 | D        | Reached XP level 13. HP: 89/114 MP: 23/23
  4059 | D        | Noticed an Ice Fiend
  4070 | D        | Killed an Ice Fiend
  4070 | D        | Reached skill level 15 in Fighting
  4070 | D        | Reached skill level 10 in Throwing
  4110 | D        | Noticed a cacodemon
  4121 | D        | Gained mutation: You expend magic power (3 MP) to strengthen your wands. [a cacodemon]
  4123 | D        | Killed a cacodemon
  4204 | D        | Noticed an ancient lich
  4226 | D        | Killed an ancient lich
  4226 | D        | Received a gift from Okawaru
  4323 | D        | Noticed a dire elephant
  4333 | D        | Killed a dire elephant
  4333 | D        | Received a gift from Okawaru
  4424 | D        | Noticed an orc warlord
  4424 | D        | Noticed an orc warlord
  4441 | D        | Received a gift from Okawaru
  4452 | D        | Killed an orc warlord
  4470 | D        | Reached skill level 15 in Armour
  4472 | D        | Reached skill level 15 in Shields
  4474 | D        | Received a gift from Okawaru
  4488 | D        | Reached skill level 15 in Long Blades
  4490 | D        | Got a crude scimitar {god gift}
  4498 | D        | Killed an orc warlord
  4499 | D        | Identified the +8 scimitar "Ecenacil" {venom, rN+ Int-3 Dex+3} (Okawaru gifted it to you in the Dungeon)
  4527 | D        | Reached skill level 15 in Invocations
  4532 | D        | Gained mutation: You are significantly more attuned to the shadows. [demonic ancestry]
  4532 | D        | Reached XP level 14. HP: 84/126 MP: 21/25
  4905 | D        | Received a gift from Okawaru
  4939 | D        | Noticed a sphinx
  4940 | D        | Paralysed by a sphinx for 2 turns
  4941 | D        | Found the +0 Maxwell's etheric cage {RegenMP+ *Contam rElec MP+4}
  4944 | D        | Killed a sphinx
  5169 | D        | Noticed an angel
  5189 | D        | Killed an angel
  5270 | D        | Noticed a deep elf sorcerer
  5270 | D        | Noticed a Tzitzimitl
  5270 | D        | Noticed an ancient lich
  5270 | D        | Noticed a bone dragon
  5275 | D        | Noticed a Hell Sentinel
  5282 | D        | Killed a bone dragon
  5301 | D        | Killed an ancient lich
  5301 | D        | Received a gift from Okawaru
  5308 | D        | Killed a deep elf sorcerer
  5308 | D        | Received a gift from Okawaru
  5324 | D        | Killed a Tzitzimitl
  5495 | D        | Noticed a pearl dragon
  5507 | D        | Killed a pearl dragon
  5609 | D        | Noticed a reaper
  5617 | D        | Killed a reaper
  5620 | D        | Noticed a Hell Sentinel
  5639 | D        | Killed a Hell Sentinel
  5714 | D        | Noticed a lich
  5724 | D        | Killed a lich
  5724 | D        | Reached XP level 15. HP: 70/137 MP: 27/27
  5819 | D        | Noticed a greater mummy
  5834 | D        | Killed a greater mummy
  5954 | D        | Reached skill level 15 in Throwing
  6258 | D        | Received a gift from Okawaru
  6281 | D        | Received a gift from Okawaru
  6366 | D        | Received a gift from Okawaru
  6428 | D        | Got the ring "Quloupao" {rPois AC+4 Str+9 Int-4 Stlth+}
  6553 | D        | Reached skill level 1 in Evocations
  6615 | D        | Noticed an Executioner
  6615 | D        | Noticed a nagaraja
  6620 | D        | Noticed a quicksilver dragon
  6636 | D        | Killed a quicksilver dragon
  6638 | D        | Killed an Executioner
  6650 | D        | Killed a nagaraja
  6683 | D        | Received a gift from Okawaru
  6842 | D        | Lost mutation: You expend magic power (3 MP) to strengthen your wands. [potion of mutation]
  6842 | D        | Gained mutation: You are clumsy. (Dex -2) [potion of mutation]
  6842 | D        | Gained mutation: Scrolls take you a little longer to read. [potion of mutation]
  6842 | D        | Gained mutation: You have a pair of horns on your head. [potion of mutation]
  6843 | D        | Lost mutation: You have a pair of horns on your head. [potion of mutation]
  6843 | D        | Lost mutation: Scrolls take you a little longer to read. [potion of mutation]
  6843 | D        | Lost mutation: You are clumsy. (Dex -2) [potion of mutation]
  6843 | D        | Gained mutation: You have an increased reservoir of magic. (+10% MP) [potion of mutation]
  6843 | D        | Gained mutation: You are somewhat resistant to further mutation. [potion of mutation]
  7252 | D        | Noticed an orc warlord
  7252 | D        | Noticed an orc warlord
  7252 | D        | Noticed an orc warlord
  7254 | D        | Noticed an orc warlord
  7254 | D        | Gained mutation: You are completely covered in thin metallic scales. (AC +4, rElec) [demonic ancestry]
  7254 | D        | Reached XP level 16. HP: 148/148 MP: 32/32
  7255 | D        | Received a gift from Okawaru
  7274 | D        | Reached skill level 5 in Evocations
  7418 | D        | Received a gift from Okawaru
  7454 | D        | Received a gift from Okawaru
  7489 | D        | Received a gift from Okawaru
  7500 | D        | Reached skill level 15 in Dodging
  7530 | D        | Got a silver rune of Zot
  7686 | D        | Got the +8 dagger of the Equinox {flame, rPois rN+}
  7722 | D        | Got the +4 whip of Exquisite Death {slash, *Noise +Fly rC+ Stlth+}
  7912 | D        | Noticed a Killer Klown
  7918 | D        | Killed a Killer Klown
  7922 | D        | Noticed a titan
  7925 | D        | Killed a titan
  7933 | D        | Noticed Boris
  7943 | D        | Killed Boris
  7948 | D        | Noticed a deep elf master archer
  7953 | D        | Killed a deep elf master archer
  7972 | D        | Noticed a storm dragon
  7977 | D        | Killed a storm dragon
  7996 | D        | Noticed a titan
  8002 | D        | Killed a titan
  8002 | D        | Received a gift from Okawaru
  8002 | D        | Reached XP level 17. HP: 160/160 MP: 34/34
  8003 | D        | Got a warped scimitar {god gift}
  8004 | D        | Identified the +3 scimitar "Cyhan" {slice, rC+} (Okawaru gifted it to you in the Dungeon)
  8009 | D        | Noticed a golden dragon
  8013 | D        | Killed a golden dragon
  8019 | D        | Noticed an acid blob
  8024 | D        | Killed an acid blob
  8070 | D        | Noticed Geryon
  8089 | D        | Killed Geryon
  8089 | D        | Reached skill level 10 in Evocations
  8100 | D        | Noticed an Ice Fiend
  8108 | D        | Killed an Ice Fiend
  8197 | D        | Noticed a deep elf master archer
  8201 | D        | Killed a deep elf master archer
  8203 | D        | Noticed a Brimstone Fiend
  8211 | D        | Killed a Brimstone Fiend
  8211 | D        | Received a gift from Okawaru
  8283 | D        | Noticed a greater mummy
  8299 | D        | Killed a greater mummy
  8299 | D        | Received a gift from Okawaru
  8395 | D        | Noticed a titan
  8404 | D        | Killed a titan
  8480 | D        | Noticed Mennas
  8508 | D        | Killed Mennas
  8508 | D        | Received a gift from Okawaru
  8573 | D        | Noticed an Ice Fiend
  8582 | D        | Killed an Ice Fiend
  8649 | D        | Noticed Murray
  8663 | D        | Killed Murray
  8665 | D        | Noticed a greater mummy
  8675 | D        | Killed a greater mummy
  8675 | D        | Received a gift from Okawaru
  8733 | D        | Noticed an ancient lich
  8743 | D        | Killed an ancient lich
  8940 | D        | Noticed an electric golem
  8945 | D        | Killed an electric golem
  8948 | D        | Noticed a curse toe
  8956 | D        | Killed a curse toe
  8956 | D        | Reached XP level 18. HP: 46/173 MP: 35/35
  9092 | D        | Noticed a Tzitzimitl
  9099 | D        | Killed a Tzitzimitl
  9120 | D        | Noticed a Tzitzimitl
  9127 | D        | Killed a Tzitzimitl
  9285 | D        | Noticed an orb of fire
  9297 | D        | Killed an orb of fire
  9297 | D        | Received a gift from Okawaru
  9300 | D        | Got a pair of pitted gloves {god gift}
  9311 | D        | Identified the +1 pair of gloves of Untruth {rPois rC+++ Regen+ Int-3} (Okawaru gifted it to you in the Dungeon)
  9398 | D        | Noticed a Tzitzimitl
  9406 | D        | Killed a Tzitzimitl
  9417 | D        | Noticed Jarph the pandemonium lord
  9432 | D        | Killed Jarph the pandemonium lord
  9497 | D        | Noticed Jeofur the pandemonium lord
  9534 | D        | Killed Jeofur the pandemonium lord
  9579 | D        | Noticed a Brimstone Fiend
  9586 | D        | Killed a Brimstone Fiend
  9593 | D        | Got the ring of Luicroew {Fire Str+4}
  9595 | D        | Got the ring of Immorality {rC+ Dex+5}
  9597 | D        | Got the ring of Foolhardiness {rPois Int-4 Dex+5 Stlth-}
  9600 | D        | Got the ring "Ulehyigigo" {+Inv rF+ Str+3 Int-3 Stlth+}
  9603 | D        | Got an iron rune of Zot
  9605 | D        | Got the amulet "Uskei" {RegenMP rElec}
  9609 | D        | Got the amulet of Mexaps {RegenMP rF+ Int+2 Stlth+}
  9615 | D        | Got the ring of Amelioration {rF+ Str+4}
  9890 | D        | Noticed an ancient lich
  9898 | D        | Noticed a Hell Sentinel
  9902 | D        | Killed an ancient lich
  9902 | D        | Received a gift from Okawaru
  9908 | D        | Received a gift from Okawaru
 10019 | D        | Noticed Louise
 10031 | D        | Paralysed by a floating eye for 2 turns
 10046 | D        | Killed Louise
 10046 | D        | Reached skill level 15 in Evocations
 10055 | D        | Received a gift from Okawaru
 10059 | D        | Noticed an Ice Fiend
 10112 | D        | Got the amulet "Hefos" {Regen+ Str+3}
 10114 | D        | Got the ring "Dufu" {rPois MR+ SInv}
 10116 | D        | Got the amulet of the Gloaming {RegenMP rF+ Str+5 Int-4 Stlth+}
 10118 | D        | Got the ring "Resteir" {rC+ SInv}
 10120 | D        | Got the ring of Amelioration {rN+ Slay+5}
 10122 | D        | Got the amulet "Hugeuj" {RegenMP +Inv rC+ MR-}
 10124 | D        | Got the amulet "Xikhuxes" {*Slow +Rage Str+4 Int+3}
 10126 | D        | Got the amulet "Qovufiy" {+Blink Regen+ Dex+3 Stlth-}
 10128 | D        | Got the ring of Bofid {*Slow +Fly Str+4 Slay+5 SInv}
 10130 | D        | Got the amulet of Foippeiw {RegenMP rPois Int+5 Dex-2}
 10132 | D        | Got the ring "Hymm" {rElec MP-9 Str+4 Int+4 Dex+4}
 10134 | D        | Got the amulet of Deovyshra {RegenMP Str+6}
 10136 | D        | Got the amulet "Liba" {Spirit rPois rN+}
 10197 | D        | Lost mutation: You have an increased reservoir of magic. (+10% MP) [potion of mutation]
 10197 | D        | Lost mutation: You are somewhat resistant to further mutation. [potion of mutation]
 10197 | D        | Gained mutation: Your mind is acute. (Int +2) [potion of mutation]
 10197 | D        | Gained mutation: You have large cloven feet. [potion of mutation]
 10197 | D        | Gained mutation: Your body sometimes deteriorates upon taking damage. [potion of mutation]
 10197 | D        | Gained mutation: You possess an exceptional clarity of mind. [potion of mutation]
 10198 | D        | Lost mutation: Your mind is acute. (Int +2) [potion of mutation]
 10198 | D        | Lost mutation: Your body sometimes deteriorates upon taking damage. [potion of mutation]
 10198 | D        | Lost mutation: You possess an exceptional clarity of mind. [potion of mutation]
 10198 | D        | Gained mutation: You have hoof-like feet. [potion of mutation]
 10209 | D        | Got the ring of Marghaoxt {+Inv rF+ Dex+6}
 10211 | D        | Got the ring of Johieneox {Fire rPois}
 10213 | D        | Got the ring "Pyes" {rC+ MR+ Str+2 Int+2}
 10215 | D        | Got the ring of Oghuq {Ice Str+2 Int-3 Dex+5}
 10217 | D        | Got the ring of Hospitality {rPois rF++ Int+2 Dex+4}
 10221 | D        | Got the ring of Polytheism {*Drain rPois rF++ rC+ Str+4}
 10223 | D        | Got the ring of Qaik {Fire rElec Int+7}
 10227 | D        | Got the ring of Beauty {rElec rC+ Dex+2}
 10229 | D        | Got the ring "Cixasch" {Fire *Drain Str+4}
 10231 | D        | Got the ring "Cyllicih" {Ice *Corrode +Inv rPois MR+++}
 10443 | D        | Noticed a bone dragon
 10445 | D        | Noticed a greater mummy
 10463 | D        | Received a gift from Okawaru
 10467 | D        | Noticed Margery
 10471 | D        | Noticed a golden dragon
 10473 | D        | Killed a bone dragon
 10537 | D        | Killed a golden dragon
 10537 | D        | Received a gift from Okawaru
 10537 | D        | Gained mutation: You are completely attuned to the shadows. [demonic ancestry]
 10537 | D        | Reached XP level 19. HP: 26/186 MP: 13/33
 10544 | D        | Killed Margery
 10546 | D        | Killed a greater mummy
 10587 | D        | Got the ring "Raroazau" {rCorr MP+9 Slay+2}
 10599 | D        | Got a smoking ring mail {god gift}
 10624 | D        | Identified the +3 ring mail of Otacryrph {Int-3 Dex+5} (Okawaru gifted it to you in the Dungeon)
 10864 | D        | Noticed Hajomn the pandemonium lord
 10880 | D        | Noticed Jory
 10881 | D        | Noticed a greater mummy
 10882 | D        | Killed Hajomn the pandemonium lord
 10898 | D        | Noticed Asmodeus
 10906 | D        | Killed a greater mummy
 10909 | D        | Killed Jory
 10909 | D        | Reached skill level 27 in Fighting
 10945 | D        | Killed Asmodeus
 10945 | D        | Received a gift from Okawaru
 10965 | D        | Got the ring "Ixok" {rF+ EV+3 Str+6 Stlth-}
 10965 | D        | Got the ring of Suspected Treachery {+Inv rF+ rC++ Str-2 SInv}
 10967 | D        | Got the ring of the Jester {rF+ rN+}
 10973 | D        | Got the ring of Odoala Soacs {+Fly rPois Dex+3}
 10976 | D        | Got a colourful robe {god gift}
 10998 | D        | Identified the +0 robe of Adilyat {+Fly rElec Str-4 Slay+6} (Okawaru gifted it to you in the Dungeon)
 11014 | D        | Gained mutation: You occasionally shout uncontrollably at your foes. [a cacodemon]
 11067 | D        | Noticed an orb of fire
 11091 | D        | Killed an orb of fire
 11161 | D        | Noticed an orb of fire
 11161 | D        | Gained mutation: You sometimes yell uncontrollably at your foes. [an orb of fire]
 11176 | D        | Killed an orb of fire
 11176 | D        | Gained mutation: You are completely covered in sharp spines. [demonic ancestry]
 11176 | D        | Reached XP level 20. HP: 96/197 MP: 34/34
 11185 | D        | Got the ring of Sotoch {Int+6 SInv}
 11190 | D        | Got the ring of Losobb {SInv Stlth-}
 11593 | D        | Received a gift from Okawaru
 11617 | D        | Reached skill level 27 in Armour
 11626 | D        | Reached skill level 27 in Long Blades
 11626 | D        | Reached skill level 27 in Shields
 11729 | D        | Got an ichor-stained scimitar {god gift}
 11730 | D        | Identified the +6 scimitar "Cukha Coic" {slice, Str+5 Dex+3} (Okawaru gifted it to you in the Dungeon)
 11887 | D        | Noticed a pearl dragon
 11907 | D        | Killed a pearl dragon
 12198 | D        | Received a gift from Okawaru
 12235 | D        | Received a gift from Okawaru
 12867 | D        | Gained mutation: You have a pair of horns on your head. [demonic ancestry]
 12867 | D        | Reached XP level 21. HP: 83/204 MP: 37/37
 12870 | D        | Received a gift from Okawaru
 13070 | D        | Received a gift from Okawaru
 13139 | D        | Got a golden rune of Zot
 13149 | D        | Got the amulet "Unop" {Inacc Dex+2 Stlth+}
 13288 | D        | Got a faintly glowing large shield
 13319 | D        | Identified the +4 large shield "Vuck" {*Corrode Str+6} (You took it off a daeva in the Dungeon)
 13367 | D        | Got an ancient great sword {god gift}
 13633 | D        | Noticed Qysisiomm the pandemonium lord
 13633 | D        | Noticed Cerebov
 13637 | D        | Reached skill level 27 in Throwing
 13638 | D        | Noticed Nikola
 13642 | D        | Killed Qysisiomm the pandemonium lord
 13648 | D        | Killed Nikola
 13673 | D        | Killed Cerebov
 13673 | D        | Reached skill level 27 in Dodging
 13673 | D        | Reached skill level 27 in Evocations
 13679 | D        | Reached skill level 10 in Stealth
 13686 | D        | Reached skill level 10 in Spellcasting
 13874 | D        | Noticed Mnoleg
 13881 | D        | Received a gift from Okawaru
 13913 | D        | Killed Mnoleg
 13913 | D        | Received a gift from Okawaru
 13913 | D        | Reached skill level 15 in Spellcasting
 13918 | D        | Reached skill level 15 in Stealth
 14220 | D        | Noticed the 27-headed Lernaean hydra
 14220 | D        | Noticed Mara
 14225 | D        | Noticed the Royal Jelly
 14229 | D        | Noticed Viez the pandemonium lord
 14252 | D        | Killed the Royal Jelly
 14252 | D        | Reached XP level 22. HP: 171/212 MP: 40/44
 14293 | D        | Killed Mara
 14320 | D        | HP: 11/318 [acid[the Royal Jelly] (12)]
 14320 | D        | Splashed by an acid blob's acid

Vault maps used:
D:        pitsprint

Skill      XL: |  1  2  3  4  5  6  7  8  9 10 11 12 13 14 15 16 17 18 19 20 21 22 |
---------------+-------------------------------------------------------------------+-----
Long Blades    | 2 4 5 6 7 8 9 10 12 13 15 17 18 20 22 24 26 27 | 27.0
Armour         | 3 4 5 7 9 11 12 13 15 17 18 20 22 24 26 27 | 27.0
Shields        | 3 4 5 7 9 11 12 13 15 17 18 20 22 24 26 27 | 27.0
Throwing       | 2 3 4 5 6 7 8 9 12 14 16 17 18 20 21 25 27 | 27.0
Dodging        | 2 3 4 5 6 7 8 10 11 12 14 15 17 18 20 24 27 | 27.0
Fighting       | 4 5 6 7 8 9 10 11 13 14 16 18 20 22 24 26 27 | 27.0
Invocations    | 3 4 6 8 9 10 12 13 15 16 18 20 26 | 26.5
Evocations     | 4 9 12 15 18 24 27 | 27.0
Stealth        | 17 | 17.5
Spellcasting   | 18 19 | 19.2

Action                   |  1- 3 |  4- 6 |  7- 9 | 10-12 | 13-15 | 16-18 | 19-21 | 22-24 || total
-------------------------+-------+-------+-------+-------+-------+-------+-------+-------++-------
Melee: Falchion          |    34 |       |       |       |       |       |       |       ||    34
       Long sword        |     7 |    29 |    71 |     4 |     4 |       |       |       ||   115
       Headbutt          |       |     5 |    25 |   116 |   176 |   199 |   251 |    17 ||   789
       Scimitar          |       |       |    43 |   322 |    54 |       |   749 |    62 ||  1230
       Demon blade       |       |       |       |    22 |   491 |   590 |   258 |       ||  1361
Throw: Stone             |     1 |     1 |     1 |    15 |       |       |       |       ||    18
       Javelin           |       |       |       |    26 |    19 |    62 |    14 |     1 ||   122
       Tomahawk          |       |       |       |     6 |    16 |       |       |       ||    22
Invok: Heroism           |       |     3 |     9 |    11 |    19 |    21 |    16 |       ||    79
       Finesse           |       |       |       |     8 |    18 |    21 |    14 |       ||    61
Evoke: Wand              |       |       |       |       |       |       |     4 |       ||     4
       Horn of Geryon    |       |       |       |       |       |       |     1 |       ||     1
  Use: Potion            |       |     1 |       |     5 |     8 |    15 |     2 |     4 ||    35
       Scroll            |       |       |       |     2 |     4 |    14 |     1 |     1 ||    22
 Stab: Distracted        |       |       |       |       |       |       |     1 |       ||     1
  Eat: Chunk             |       |       |     3 |     2 |     4 |     4 |     3 |       ||    16
       Ration            |       |       |       |     2 |     2 |     1 |     3 |       ||     8
Armor: Scale mail        |    22 |    16 |    13 |       |       |       |       |       ||    51
       Chain mail        |       |       |    12 |    71 |    13 |       |       |       ||    96
       Gold dragon scale |       |       |       |       |    51 |    68 |   214 |     5 ||   338
       Robe              |       |       |       |       |       |       |     1 |       ||     1
       Skin              |       |       |       |       |       |       |       |    15 ||    15
Dodge: Dodged            |    15 |     9 |    43 |   125 |    75 |    51 |   266 |     9 ||   593
Block: Shield            |    22 |    20 |    60 |   143 |       |       |       |       ||   245
       Large shield      |       |       |       |    20 |   278 |   281 |  1029 |    67 ||  1675
       Rpst.: Falchion   |     2 |       |       |       |       |       |       |       ||     2
       Long sword        |       |     1 |     5 |       |     1 |       |       |       ||     7
       Scimitar          |       |       |     4 |    23 |     1 |       |    30 |     1 ||    59
       Demon blade       |       |       |       |     1 |     6 |    10 |    10 |       ||    27

Table legend:
 A = Spawn XP
 B = Non-spawn XP
 C = Spawn XP percentage of total XP
 D = Spawn monster count
 E = Non-spawn monster count
 F = Spawn count percentage of total count
 G = Total turns spent on level
                    A         B        C        D         E        F      G
               +---------+---------+-------+---------+---------+-------+---------
         Total |       0 |  725303 |   0.0 |       0 |     517 |   0.0 | 14320
               +---------+---------+-------+---------+---------+-------+---------
             D |       0 |  725303 |   0.0 |       0 |     517 |   0.0 | 14320
               +---------+---------+-------+---------+---------+-------+---------
